Map: Vallée des cactus EC

Players

BlackLine - Winner!

  • Race: Protoss Protoss

AgCl

  • Race: Protoss Protoss

VOD

Have the link to the VOD?

Description

Time

  • Played on: May 24, 2015, 7:47 p.m.
  • Length: 8:37
Show
View Real Time Build Order
Export as new Build Order

BlackLine Protoss - Winner!

Build Orders:  

Get SALT Encoding   

  12  0:02  Probe  
  13  0:14  Pylon  
  13  0:22  Probe  
  14  0:34  Gateway  
  14  0:35  Probe  
  15  0:42  Assimilator  
  15  0:47  Probe (Chrono Boost)  
  16  0:58  Pylon  
  16  0:59  Probe (Chrono Boost)  
  17  1:09  Probe (Chrono Boost)  
  18  1:16  Probe (Chrono Boost)  
  19  1:24  Cybernetics Core  
  19  1:28  Probe (Chrono Boost)  
  20  1:37  Probe (Chrono Boost)  
  20  1:38  Gateway  
  21  1:45  Probe  
  22  1:49  Assimilator  
  22  1:55  Pylon  
  22  2:05  Warp Gate (Chrono Boost)  
  22  2:07  Mothership Core (Chrono Boost)  
  24  2:09  Zealot  
  26  2:21  Probe (Chrono Boost)  
  27  2:33  Probe  
  28  2:37  Robotics Facility  
  27  2:46  Probe  
  28  2:52  Gateway  
  28  3:12  Nexus  
  28  3:14  Probe  
  29  3:25  Pylon  
  29  3:37  Immortal (Chrono Boost)  
  34  3:41  Probe  
  34  3:50  Gateway  
  34  4:02  Sentry x2  
  38  4:04  Zealot  
  38  4:05  Observer (Chrono Boost)  
  41  4:10  Probe  
  42  4:22  Gateway  
  42  4:23  Probe  
  36  4:47  Stalker  
  38  4:56  Probe x2  
  38  4:59  Sentry  
  42  5:04  Stalker  
  44  5:12  Stalker  
  46  5:15  Probe x2  
  48  5:27  Probe x2  
  50  5:38  Immortal (Chrono Boost)  
  50  5:39  Probe x2  
  56  5:48  Pylon  
  56  5:51  Probe  
  57  5:59  Gateway  
  57  6:07  Stalker x3  
  57  6:10  Probe (Chrono Boost)  
  64  6:17  Probe (Chrono Boost)  
  65  6:22  Probe (Chrono Boost)  
  67  6:25  Pylon  
  67  6:28  Probe (Chrono Boost)  
  67  6:29  Probe (Chrono Boost)  
  68  6:39  Pylon  
  68  6:48  Stalker x3  
  68  6:49  Stalker  
  76  6:54  Pylon  
  76  7:14  Stalker x3  
  76  7:15  Zealot x3  
  76  7:38  Stalker x3  
  76  7:39  Zealot x3  
  84  7:56  Zealot x3  
  90  8:02  Observer (Chrono Boost)  
  85  8:26  Stalker x2, Zealot  
  85  8:27  Zealot  
  91  8:29  Assimilator  
  91  8:31  Pylon, Assimilator  
Show
View Real Time Build Order
Export as new Build Order

AgCl Protoss 

Build Orders: Oracle Opening, Oracle Opening 

Get SALT Encoding   

  12  0:15  Probe, Pylon  
  13  0:27  Probe  
  14  0:30  Assimilator  
  14  0:39  Gateway  
  14  0:43  Probe  
  15  0:55  Probe (Chrono Boost)  
  16  1:02  Pylon  
  16  1:08  Probe (Chrono Boost)  
  17  1:15  Probe (Chrono Boost)  
  18  1:25  Probe  
  19  1:26  Zealot (Chrono Boost)  
  21  1:37  Probe  
  21  1:38  Cybernetics Core  
  22  1:49  Probe (Chrono Boost)  
  23  2:01  Probe (Chrono Boost), Assimilator  
  24  2:08  Pylon  
  24  2:10  Probe (Chrono Boost)  
  25  2:18  Mothership Core (Chrono Boost), Warp Gate  
  27  2:32  Probe  
  26  2:44  Probe  
  26  2:48  Stargate  
  27  2:58  Probe  
  27  2:59  Nexus  
  29  3:17  Pylon  
  29  3:18  Robotics Facility  
  28  3:21  Probe  
  29  3:31  Oracle (Chrono Boost)  
  32  3:35  Probe  
  33  3:48  Probe, Gateway  
  34  4:00  Probe (Chrono Boost)  
  35  4:06  Observer  
  36  4:12  Probe (Chrono Boost)  
  36  4:13  Gateway  
  38  4:18  Probe (Chrono Boost)  
  38  4:20  Probe (Chrono Boost)  
  39  4:25  Probe  
  39  4:29  Probe, Pylon  
  41  4:40  Observer  
  41  4:41  Probe (Chrono Boost)  
  41  4:45  Probe (Chrono Boost)  
  42  4:55  Probe x2 (Chrono Boost)  
  42  4:56  Pylon  
  42  4:57  Assimilator  
  43  5:02  Probe  
  43  5:03  Assimilator  
  44  5:12  Nexus  
  44  5:14  Void Ray (Chrono Boost)  
  44  5:15  Pylon  
  44  5:18  Probe (Chrono Boost)  
  44  5:20  Probe (Chrono Boost)  
  50  5:27  Forge  
  50  5:32  Probe (Chrono Boost)  
  52  5:35  Probe (Chrono Boost)  
  52  5:40  Pylon  
  52  5:41  Probe (Chrono Boost)  
  52  5:42  Probe (Chrono Boost)  
  55  5:50  Pylon  
  55  5:53  Probe (Chrono Boost), Forge  
  56  5:57  Twilight Council  
  56  5:58  Probe (Chrono Boost)  
  56  6:02  Protoss Ground Weapons Level 1  
  56  6:03  Gateway  
  56  6:05  Phoenix (Chrono Boost)  
  56  6:10  Probe  
  59  6:11  Probe  
  60  6:23  Pylon  
  60  6:28  Probe x2 (Chrono Boost)  
  60  6:29  Probe (Chrono Boost)  
  63  6:38  Probe x2 (Chrono Boost)  
  63  6:39  Probe (Chrono Boost)  
  66  6:40  Dark Shrine  
  66  6:44  Probe (Chrono Boost)  
  66  6:45  Probe x2 (Chrono Boost)  
  69  6:52  Pylon  
  69  6:56  Probe  
  69  6:58  Zealot x2  
  69  7:00  Zealot  
  76  7:10  Photon Cannon  
  76  7:12  Probe (Chrono Boost)  
  76  7:15  Probe (Chrono Boost)  
  72  7:27  Probe  
  65  7:31  Pylon  
  41  7:54  Gateway  
  41  7:55  Dark Templar x3  
  41  7:56  Dark Templar, Pylon  
  49  8:10  Assimilator  
  49  8:12  Assimilator  
  54  8:20  Gateway  
  54  8:21  Gateway  
  54  8:22  Gateway x2  
  54  8:25  Pylon  
  48  8:32  Dark Templar x3  
Tags
 
Add a new tag
Caveats
  • Supply blocks, unpowered buildings, or Contaminate may cause inaccurate times.
  • Supply counts are checked every 10 seconds.